 Dungeon Crawl Stone Soup version 0.28.0-53-g5a82cb258f (webtiles) character file.

Game seed: 10404516265527807445

3767 Eitelfritz the Slinger (level 9, -5/120 HPs)
             Began as a Minotaur Gladiator on Aug 19, 2022.
             Was a Follower of Okawaru.
             Slain by a hornet zombie (9 damage)
             ... on level 8 of the Dungeon.
             The game lasted 00:20:42 (8834 turns).

Eitelfritz the Slinger (Minotaur Gladiator)         Turns: 8834, Time: 00:20:42

Health: -5/120     AC: 24    Str: 24    XL:     9   Next: 94%
Magic:  8/8        EV:  2    Int:  7    God:    Okawaru [*.....]
Gold:   995        SH:  0    Dex: 18    Spells: 8/8 levels left

rFire   . . .      SeeInvis .   a - +2 long sword
rCold   . . .      Faith    .   (no shield)
rNeg    . . .      Spirit   .   (armour currently unavailable)
rPois   +          Reflect  .   (helmet currently unavailable)
rElec   .          Harm     .   (cloak currently unavailable)
rCorr   .          Rampage  .   (gloves currently unavailable)
Will    +....      NoTele   +   (boots currently unavailable)
Stlth   ++........              (no amulet)
HPRegen 0.30/turn               r - ring "Ovoi" {Str+3 Dex+6}
MPRegen 0.11/turn               F - ring of willpower

@: mighty, tree-form
A: stationary, stasis, torment immunity, boosted hp, (horns 2), (retaliatory
headbutt)
a: Renounce Religion, Heroism


You were on level 8 of the Dungeon.
You worshipped Okawaru.
Okawaru was aware of your devotion.
You were a tree.
You visited 2 branches of the dungeon, and saw 9 of its levels.

You collected 1387 gold pieces.
You spent 392 gold pieces at shops.

Inventory:

Hand Weapons
 a - a +2 long sword (weapon)
 b - a +0 hunting sling
 k - a +7 trident of flaming
Missiles
 d - 3 throwing nets (quivered)
 t - 255 stones
 v - 4 sling bullets
 H - 6 atropa-tipped darts
Armour
 c - a +1 hat (melded)
 j - a +0 chain mail
 n - a +0 leather armour (melded)
Jewellery
 f - a ring of magical power
 o - a ring of ice
 r - the ring "Ovoi" (left branch) {Str+3 Dex+6}
   (You found it on level 2 of the Dungeon)

   [ring of dexterity]

   Str:       It affects your strength (+3).
   Dex:       It affects your dexterity (+6).
 u - a ring of wizardry
 y - a ring of fire
 C - a +6 ring of intelligence
 F - a ring of willpower (right branch)
 G - a ring of wizardry
Wands
 h - a wand of iceblast (5)
 w - a wand of acid (8)
 A - a wand of polymorph (2)
 E - a wand of digging (3)
Scrolls
 i - 3 scrolls of fog
 x - 2 scrolls of teleportation
 z - a scroll of silence
Potions
 e - a potion of flight
 g - 2 potions of mutation
 l - a potion of lignification
 m - a potion of cancellation
 q - a potion of might
 s - a potion of haste
 B - a potion of attraction
 D - a potion of invisibility


   Skills:
 + Level 7.7 Fighting
 + Level 8.0 Long Blades
 + Level 10.1(10.2) Slings
 + Level 2.0(6.1) Throwing
 + Level 4.7 Armour
 + Level 5.8 Dodging
 + Level 2.4 Stealth
 + Level 0.3 Evocations


You had 8 spell levels left.
You didn't know any spells.
Your spell library contained the following spells:

 Spells                   Type           Power      Damage    Failure   Level
 Apportation              Tloc           0%         N/A       43%         1
 Sandblast                Erth           0%         2d4       43%         1
 Ensorcelled Hibernation  Hex/Ice        0%         N/A       56%         2
 Passwall                 Tmut/Erth      0%         N/A       56%         2
 Stone Arrow              Conj/Erth      0%         3d7       80%         3
 Swiftness                Air            0%         N/A       80%         3
 Alistair's Intoxication  Tmut/Pois      0%         N/A       100%        5


Dungeon Overview and Level Annotations

Branches:
Dungeon (8/15)             Temple (1/1) D:6            Lair (0/6) D:8

Altars:
Ashenzari
Cheibriados
Dithmenos
Elyvilon
Fedhas
Gozag
Hepliaklqana
Kikubaaqudgha
Makhleb
Nemelex Xobeh
Okawaru
Qazlal
Ru
Sif Muna
Trog
Uskayaw
Vehumet
Wu Jian
Xom
Yredelemnul
Zin
The Shining One

Shops:
D:6 !


Innate Abilities, Weirdness & Mutations

You are a tree.
Your roots penetrate the ground, keeping you stationary.
You cannot be teleported.
You are immune to unholy pain and torment.
Your maximum health is greatly increased.
Your equipment is partially melded.
((You have a pair of horns on your head.))
((You reflexively headbutt those who attack you in melee.))


Message History

Unknown command.
It was a potion of lignification.
You turn into a tree.
Your +1 hat melds into your body.
Your +0 leather armour melds into your body.
Your roots penetrate the ground.
The wyvern zombie bites you but does no damage.
Okay, then.
Unknown command.
You hit the wyvern zombie.
The wyvern zombie is lightly damaged.
The wyvern zombie completely misses you.
You slash the wyvern zombie!
The wyvern zombie is moderately damaged.
The sentinel's mark upon you fades away.
The wyvern zombie bites you but does no damage.
The wyvern zombie barely misses you.
You slash the wyvern zombie!
The wyvern zombie is severely damaged.
The wyvern zombie bites you but does no damage.
You slash the wyvern zombie!
The wyvern zombie is almost destroyed.
The wyvern zombie bites you but does no damage.
You slash the wyvern zombie!
You destroy the wyvern zombie!
Okawaru accepts your kill.
Your Long Blades skill increases to level 8!
You closely miss the hornet zombie.
The hornet zombie hits you but does no damage. x2
You slice the hornet zombie!!
The hornet zombie is heavily damaged.
The hornet zombie hits you but does no damage.
You closely miss the hornet zombie.
The hornet zombie is heavily damaged.
The hornet zombie hits you but does no damage.
You slice the hornet zombie!!
The hornet zombie is severely damaged.
The hornet zombie hits you.
* * * LOW HITPOINT WARNING * * *
The hornet zombie hits you!
You die...

.# ## # ############
##(#(
#..........###......
#####<..........♣Z#
..........#########
#####.....##≈≈≈≈≈##
####.....#≈≈≈≈≈≈≈#
#.....####≈≈≈≈≈≈≈##
#...[.# #≈≈≈≈≈≈≈≈≈#
#.....# #.≈.≈≈.≈≈.#
#.....# #≈≈≈≈≈≈..≈#
#.....# ##.......##


You could see a hornet zombie.

Vanquished Creatures
  Pikel (D:5)
  Grinder (D:5)
  2 hornets
  A steam dragon (D:8)
  2 water moccasins (D:7)
  An orc warrior (D:8)
  3 ogres
  4 phantoms
  Blork the orc (D:4)
  A gnoll sergeant (D:5)
  A bullfrog (D:7)
  2 scorpions
  A wyvern zombie (D:8)
  A water moccasin zombie (D:6)
  2 water moccasin skeletons
  4 killer bees (D:7)
  2 howler monkeys
  A bullfrog zombie (D:4)
  2 centaur zombies (D:7)
  7 hounds
  4 centaur skeletons
  A jelly (D:5)
  4 orc priests
  3 bullfrog skeletons
  3 iguanas
  2 orc wizards
  A hound zombie (D:5)
  A howler monkey skeleton (D:7)
  4 gnolls
  7 adders
  A shadow imp (D:5)
  A white imp (D:7)
  2 adder skeletons
  2 worms
  15 orcs
  4 bats
  6 endoplasms
  2 giant cockroaches
  5 goblins
  8 hobgoblins
  7 jackals (D:4)
  8 kobolds
  2 quokkas (D:3)
  10 ball pythons
  11 rats
154 creatures vanquished.

Notes
Turn   | Place    | Note
-------+----------+-------------------------------------------
     0 | D:1      | Eitelfritz the Minotaur Gladiator began the quest for the
                  | Orb.
     0 | D:1      | Reached XP level 1. HP: 18/18 MP: 0/0
   461 | D:1      | Reached XP level 2. HP: 25/25 MP: 1/1
  1353 | D:2      | Reached XP level 3. HP: 30/30 MP: 2/2
  1423 | D:2      | Reached skill level 1 in Slings
  1491 | D:2      | Identified the ring "Ovoi" {Str+3 Dex+6}
  1914 | D:3      | Found a basalt altar of Yredelemnul.
  1968 | D:3      | Reached XP level 4. HP: 25/38 MP: 3/3
  2094 | D:3      | Noticed a scorpion
  2104 | D:3      | Killed a scorpion
  2105 | D:3      | Reached skill level 2 in Slings
  2105 | D:3      | Reached skill level 1 in Armour
  2512 | D:3      | Reached XP level 5. HP: 42/45 MP: 4/4
  2548 | D:3      | Reached skill level 5 in Long Blades
  2554 | D:3      | Reached skill level 3 in Slings
  2910 | D:4      | Noticed Blork the orc
  2921 | D:4      | Killed Blork the orc
  2922 | D:4      | Reached XP level 6. HP: 51/51 MP: 5/5
  3227 | D:4      | Reached skill level 4 in Slings
  3467 | D:4      | Reached XP level 7. HP: 45/59 MP: 6/6
  4037 | D:4      | Identified a scroll of acquirement
  4037 | D:4      | Acquired 1125 gold pieces
  4051 | D:5      | Entered Level 5 of the Dungeon
  4109 | D:5      | Reached skill level 5 in Slings
  4328 | D:5      | Found a radiant altar of Vehumet.
  4501 | D:5      | Noticed Pikel
  4505 | D:5      | Noticed Grinder
  4510 | D:5      | Killed Pikel
  4511 | D:5      | Reached skill level 5 in Fighting
  4511 | D:5      | Reached skill level 7 in Slings
  4511 | D:5      | Reached skill level 1 in Stealth
  4511 | D:5      | Reached XP level 8. HP: 33/68 MP: 7/7
  4522 | D:5      | Killed Grinder
  5097 | D:5      | Reached skill level 8 in Slings
  5522 | D:6      | Found Ladgh's Distillery.
  5537 | D:6      | Found a staircase to the Ecumenical Temple.
  6020 | D:6      | Reached skill level 9 in Slings
  6020 | D:6      | Reached XP level 9. HP: 75/75 MP: 8/8
  6630 | Temple   | Entered the Ecumenical Temple
  7189 | Temple   | Became a worshipper of Warmaster Okawaru
  7292 | D:7      | Reached skill level 5 in Dodging
  7304 | D:7      | HP: 3/78 [poisoned by a killer bee]
  7306 | D:7      | HP: 1/78 [poisoned by a killer bee]
  7757 | D:6      | Bought a potion of cancellation for 112 gold pieces
  7757 | D:6      | Bought a potion of might for 56 gold pieces
  7757 | D:6      | Bought 2 potions of curing for 84 gold pieces
  7757 | D:6      | Bought a potion of haste for 140 gold pieces
  7852 | D:7      | Reached * piety under Okawaru
  8658 | D:8      | Found a staircase to the Lair.
  8800 | D:8      | Paralysed by a hornet for 2 turns
  8813 | D:8      | Reached skill level 10 in Slings
  8824 | D:8      | HP: 2/80 [wyvern zombie (13)]
  8834 | D:8      | HP: 4/120 [hornet zombie (2)]
  8834 | D:8      | Slain by a hornet zombie

Illustrated notes

Levels and vault maps discovered:
D:1:      kilobyte_arrival_exit_the_forest, layout_loops_corners,
          minmay_split_cup_large
D:2:      layout_basic, minmay_tree_intersection
D:3:      layout_rooms, lemuel_crystal_altar, cheibrodos_gnoll_hut
D:4:      layout_loops_ring, serial_glass, glass_columns_b, glass_columns_a,
          glass_columns_a, glass_columns_a, glass_columns_a, glass_columns_c,
          glass_columns_b, glass_columns_b, kennysheep_opposing_triangles,
          uniq_blork_the_orc
D:5:      layout_basic, mainiacjoe_overflow_alcove_1, uniq_pikel, uniq_grinder
D:6:      layout_basic, minmay_temple_entry_tees, serial_shops, shop
D:7:      minmay_octagon_keep, layout_cave_pods, minivault_19
D:8:      layout_loops_cross, lair_entry_dummy, nicolae_underground_beach
Temple:   mainiacjoe_temple_cubbyholes

Skill      XL: |  1  2  3  4  5  6  7  8  9 |
---------------+----------------------------+-----
Long Blades    | 4 5 6 8 |  8.0
Slings         | 1 2 3 4 7 9 10 | 10.1
Fighting       | 3 4 5 6 7 |  7.7
Armour         | 1 2 3 4 |  4.7
Dodging        | 4 5 |  5.8
Stealth        | 1 2 |  2.4
Throwing       | |  2.0
Evocations     | |  0.3

Action                   |  1- 3 |  4- 6 |  7- 9 || total
-------------------------+-------+-------+-------++-------
Melee: Long sword        |    62 |    55 |   149 ||   266
       Headbutt          |     6 |     8 |    27 ||    41
       Punch             |     1 |     1 |     4 ||     6
 Fire: Hunting sling     |    21 |    42 |   175 ||   238
Evoke: Wand              |       |       |     2 ||     2
  Use: Scroll            |       |       |    19 ||    19
       Potion            |       |       |    13 ||    13
 Stab: Sleeping          |       |       |     2 ||     2
       Invisible         |       |       |     1 ||     1
Armor: Leather armour    |    19 |     4 |    24 ||    47
       Skin              |       |       |     8 ||     8
Dodge: Dodged            |    41 |    34 |   116 ||   191
